 Dungeon Crawl Stone Soup version 0.25.1-8-g42b30a86e7 (webtiles) character file.

Game seed: 16422478622907306412

37024 Gabide the Brawler (level 13, -1/105 (110) HPs)
             Began as a Ghoul Monk on Dec 14, 2020.
             Was a High Priest of Yredelemnul.
             Slain by an orc warrior
             ... wielding a +0 halberd
              (4 damage)
             ... on level 2 of the Orcish Mines.
             The game lasted 01:15:05 (23567 turns).

Gabide the Brawler (Ghoul Monk)                    Turns: 23567, Time: 01:15:06

HP:   -1/105 (110)  AC: 27    Str: 20      XL:     13   Next: 94%
MP:   6/18          EV:  8    Int:  5      God:    Yredelemnul [*****.]
Gold: 1464          SH:  0    Dex: 10 (11) Spells: 12/12 levels left

rFire    + . .     SeeInvis .     - Unarmed
rCold    + . .     Gourm    .   (no shield)
rNeg     + + +     Faith    +   K - +4 plate armour {rF+}
rPois    ∞         Spirit   .   k - +2 helmet
rElec    .         Reflect  .   r - +0 cloak
rCorr    .         Harm     .   H - +0 pair of gloves
MR       .....                  x - +2 pair of boots {run}
Stlth    ..........             v - amulet of faith
HPRegen  0.00/turn              (no ring)
MPRegen  0.16/turn              (no ring)

@: rotting, quick
A: rotting body, claws 1, carnivore, cold resistance 1, negative energy
resistance 3, inhibited regeneration, torment resistance, unbreathing
a: Recall Undead Slaves, Injury Mirror, Animate Dead, Drain Life, Enslave Soul,
Renounce Religion


You were on level 2 of the Orcish Mines.
You worshipped Yredelemnul.
Yredelemnul was extremely pleased with you.
You were hungry.

You visited 2 branches of the dungeon, and saw 17 of its levels.

You collected 1719 gold pieces.
You spent 255 gold pieces at shops.

Inventory:

Hand Weapons
 u - the +1 mace of Spores {freeze, Dex+2}
   (You found it on level 5 of the Dungeon)

   It has been specially enchanted to freeze those struck by it, causing extra
   injury to most foes and up to half again as much damage against particularly
   susceptible opponents.
   It can also slow down cold-blooded creatures.
   It affects your dexterity (+2).
Missiles
 a - 20 poisoned darts
 h - 4 javelins (quivered)
 i - 6 atropa-tipped darts
 m - 2 datura-tipped darts
Armour
 k - a +2 helmet (worn)
 r - a +0 cloak (worn)
 x - a +2 pair of boots of running (worn)
 H - a +0 pair of gloves (worn)
 K - a +4 plate armour of fire resistance (worn)
Jewellery
 v - an amulet of faith (around neck)
Wands
 d - a wand of acid (6)
 j - a wand of enslavement (17)
 s - a wand of flame (3)
 t - a wand of random effects (29)
 y - a wand of disintegration (12)
 F - a wand of digging (8)
 J - a wand of paralysis (8)
Scrolls
 e - 8 scrolls of remove curse
 q - a scroll of fog
 z - 3 scrolls of teleportation
 A - 3 scrolls of magic mapping
 B - 3 scrolls of enchant weapon
Potions
 c - 3 potions of curing
 f - 3 potions of stabbing
 n - 3 potions of flight
 o - a potion of cancellation
 I - a potion of brilliance
Miscellaneous
 M - a phantom mirror
Comestibles
 b - 3 rations


   Skills:
 * Level 8.9 Fighting
 - Level 1.3 Throwing
 + Level 8.7 Armour
 + Level 4.7 Dodging
 - Level 4.6 Stealth
 * Level 18.2 Unarmed Combat
 + Level 8.9 Invocations
 + Level 0.6 Evocations


You had 12 spell levels left.
You didn't know any spells.
Your spell library contained the following spells:

 Spells                   Type           Power        Failure   Level  Hunger
 Sandblast                Erth           #.....       100%        1    ##.....
 Sting                    Tmut/Pois      #...         100%        1    ##.....
 Corpse Rot               Necr/Air       N/A          100%        2    ###....
 Passwall                 Tmut/Erth      #.......     100%        2    ###....
 Poisonous Vapours        Pois/Air       #.....       100%        2    ###....
 Sticks to Snakes         Tmut           #.......     100%        2    ###....
 Conjure Flame            Conj/Fire      #.......     100%        3    ####...
 Ignite Poison            Fire/Tmut/Pois #.......     100%        3    ####...
 Mephitic Cloud           Conj/Pois/Air  #.......     100%        3    ####...
 Stone Arrow              Conj/Erth      #.....       100%        3    ####...
 Dispel Undead            Necr           #.......     100%        4    #####..
 Olgreb's Toxic Radiance  Pois           #.......     100%        4    #####..
 Petrify                  Tmut/Erth      #.......     100%        4    #####..
 Agony                    Necr           #.......     100%        5    ######.
 Excruciating Wounds      Chrm/Necr      #.........   100%        5    ######.
 Lee's Rapid Deconstruct  Erth           #.........   100%        5    ######.
 Freezing Cloud           Conj/Ice/Air   #.........   100%        6    #######
 Ring of Flames           Chrm/Fire      #.........   100%        7    #######
 Beastly Appendage        Tmut           Unusable     N/A         1    N/A
 Sublimation of Blood     Necr           Unusable     N/A         2    N/A
 Spider Form              Tmut/Pois      Unusable     N/A         3    N/A
 Ice Form                 Ice/Tmut       Unusable     N/A         4    N/A
 Blade Hands              Tmut           Unusable     N/A         5    N/A

Dungeon Overview and Level Annotations

Branches:
Dungeon (15/15)            Temple (0/1) D:7            Lair (0/6) D:8
    Orc (2/2) D:10            Elf (0/3) Orc:2        Vaults (0/5) D:14
 Depths (0/5) D:15

Altars:
Ashenzari
Cheibriados
Dithmenos
Elyvilon
Fedhas
Gozag
Okawaru
Qazlal
Ru
Uskayaw
Vehumet
Wu Jian
Yredelemnul
Zin
The Shining One

Shops:
D:6 ([(   D:8 ?   Orc:2 *!


Innate Abilities, Weirdness & Mutations

Your body is rotting away.
You thrive on raw meat.
You are immune to poison.
You have sharp fingernails.
You are carnivorous and can eat meat at any time.
Your flesh is cold resistant. (rC+)
You are immune to negative energy. (rN+++)
You do not regenerate when monsters are visible.
You are immune to unholy pain and torment.
You can survive without breathing.


Message History

The bolt hits you!!
* * * LOW HITPOINT WARNING * * *
The orc priest invokes the aid of Beogh against you.
Beogh smites you!
* * * LOW HITPOINT WARNING * * *
The orc warrior shouts!
You hear a shout! x4
You see here a bolt.
You hear a shout! x3
You hit the orc warrior.
The orc warrior is severely wounded.
The orc warrior hits you but does no damage.
You closely miss the orc warrior.
The orc warrior is severely wounded.
Your vampire points at the orc warrior and mumbles some strange words.
The orc warrior appears confused.
You hit the orc warrior.
The orc warrior is almost dead.
The orc warrior hits you with a +0 halberd.
You die...
Yredelemnul claims you as an undead slave.

................................
.................................
.............).#...##............
..............###..###...........
.............#####..###..........
............###.###..###.........
...........###...###o.###Z.......
..........## #(#.###..###.Z.....
.........###...#@..###.)####Z....
........###...###o..###))###.Z...
.......###...# ##...###..###.Z..
......###o.o# ##........###...
.....## .o.# ##...#....###..
....## #o# ##....#...###. ...##
o. ##V)...#.∩### ..##
##).#.(.(.## ...## ##V.(..#.∩###


You could see an orc warrior (confused) and a friendly vampire (invisible).

Vanquished Creatures
  Josephine (D:11)
  8 vault guards
  An ice dragon (D:15)
  3 hydras
  The ghost of denis1488 the Fighter, a novice DrTm of Cheibriados (D:9)
  2 centaur warriors
  A sun demon (Orc:1)
  A wolf spider zombie (D:15)
  5 ugly things (D:14)
  2 orc knights
  2 centaur zombies
  A manticore (D:12)
  A centaur skeleton (D:13)
  A freezing wraith (D:14)
  A komodo dragon (D:15)
  3 kobold demonologists (D:14)
  3 yaktaurs (D:15)
  2 efreet
  5 trolls
  A hellwing (Orc:2)
  Grinder (D:5)
  A hornet (D:11)
  2 slime creatures (D:14)
  Prince Ribbit (D:5)
  A meliai zombie (D:10)
  A centaur simulacrum (D:15)
  A vampire (D:10)
  4 wraiths
  16 yaks
  A human (D:7)
  A neqoxec (D:9)
  4 hogs (D:7)
  4 vampire mosquitoes (D:13)
  A warg (Orc:2)
  An acid dragon (D:12)
  A water moccasin (D:9)
  Duvessa (D:4)
  A sky beast (D:13)
  17 orc warriors
  3 ice beasts
  2 phantoms
  5 ogres
  4 centaurs
  A crocodile (D:8)
  A big kobold (D:13)
  5 bullfrogs
  Dowan (D:4)
  2 wyvern zombies (D:11)
  A water moccasin skeleton (D:8)
  9 scorpions
  8 killer bees
  3 howler monkeys
  An electric eel (D:7)
  8 crimson imps
  2 quasits (D:9)
  3 hounds
  6 jellies
  11 orc wizards
  A bullfrog skeleton (D:7)
  16 orc priests
  Crazy Yiuf (D:5)
  Jessica (D:2)
  Ijyb (D:5)
  7 iguanas
  7 worker ants
  An ogre zombie (D:8)
  A hound skeleton (D:8)
  Robin (D:2)
  A worker ant zombie (D:6)
  14 gnolls
  11 adders
  2 shadow imps (D:6)
  2 oozes (D:2)
  An adder zombie (D:8)
  4 adder skeletons
  A worm (D:5)
  A dart slug (D:1)
  8 leopard geckos
  37 orcs
  A giant cockroach (D:2)
  13 hobgoblins
  5 jackals (D:6)
  5 quokkas
  4 ball pythons
  4 bats
  6 frilled lizards
  13 goblins
  22 kobolds
  A leopard gecko skeleton (D:6)
  2 quokka skeletons
  11 rats
387 creatures vanquished.

Vanquished Creatures (collateral kills)
  Nessos (D:13)
  A fire dragon (D:15)
  A two-headed ogre (D:10)
  A centaur warrior (D:13)
  An unseen horror (D:10)
  A phantasmal warrior (Orc:2)
  A deep elf mage (D:13)
  A centaur zombie (D:13)
  A kobold demonologist (D:14)
  A centaur skeleton (D:14)
  An ice devil (Orc:2)
  A troll (D:13)
  A slime creature (D:14)
  A hornet (D:10)
  A hippogriff (D:9)
  A wraith (D:11)
  2 vampires (D:13)
  7 yaks
  A hungry ghost (D:10)
  A black bear (D:6)
  4 orc warriors
  2 ice beasts
  2 ogres
  A crocodile (D:14)
  2 big kobolds
  3 bullfrogs
  A water moccasin zombie (D:6)
  A killer bee (D:11)
  A bullfrog skeleton (D:12)
  3 orc wizards
  An iguana (D:12)
  2 worker ants
  A gnoll (D:6)
  A howler monkey skeleton (D:9)
  An adder skeleton (D:6)
  10 orcs
  A giant cockroach (D:4)
  2 kobolds
  An orc zombie (Orc:2)
67 creatures vanquished.

Vanquished Creatures (others)
  An ugly thing zombie (D:14)
  A yak (D:14)
  A fire dragon zombie (D:15)
  A vampire (D:13)
  7 flying skulls
  A wraith (D:13)
  A manticore zombie (D:12)
  A komodo dragon zombie (D:15)
  A yaktaur zombie (D:15)
  A troll zombie (D:15)
  4 yak zombies
  A wight (D:10)
  2 bullfrog zombies (D:14)
  A centaur zombie (D:15)
  2 ogre zombies
  A hound zombie (D:7)
  2 mummies (D:11)
  A worker ant zombie (D:8)
  A scorpion zombie (D:7)
  2 adder zombies (D:7)
  An orc (D:5)
  2 gnoll zombies (D:6)
  3 jackal zombies (D:6)
  A kobold skeleton (D:13)
  4 kobold zombies
  A leopard gecko zombie (D:6)
  26 orc zombies
71 creatures vanquished.

Grand Total: 525 creatures vanquished

Notes
Turn   | Place    | Note
-------+----------+-------------------------------------------
     0 | D:1      | Gabide the Ghoul Monk began the quest for the Orb.
     0 | D:1      | Reached XP level 1. HP: 19/19 MP: 0/0
   196 | D:1      | Reached XP level 2. HP: 26/26 MP: 1/1
   578 | D:1      | Reached XP level 3. HP: 31/31 MP: 2/2
   583 | D:1      | Reached skill level 4 in Unarmed Combat
  1308 | D:2      | Noticed Jessica
  1319 | D:2      | Killed Jessica
  1319 | D:2      | Reached XP level 4. HP: 36/40 MP: 3/3
  1393 | D:2      | Reached skill level 1 in Armour
  1447 | D:2      | Found an opulent altar of Gozag.
  1481 | D:2      | Noticed Robin
  1498 | D:2      | Killed Robin
  1654 | D:2      | Reached skill level 5 in Unarmed Combat
  1849 | D:3      | Reached XP level 5. HP: 44/46 MP: 4/4
  2412 | D:3      | Reached skill level 6 in Unarmed Combat
  2412 | D:3      | Reached XP level 6. HP: 35/52 MP: 5/5
  2904 | D:3      | Found an iron altar of Okawaru.
  3087 | D:4      | Noticed Dowan
  3088 | D:4      | Noticed Duvessa
  3115 | D:4      | Killed Duvessa
  3115 | D:4      | Reached skill level 1 in Throwing
  3116 | D:4      | Killed Dowan
  3351 | D:4      | Reached XP level 7. HP: 58/58 MP: 6/6
  3562 | D:4      | Reached skill level 7 in Unarmed Combat
  3871 | D:5      | Entered Level 5 of the Dungeon
  4084 | D:5      | Noticed Ijyb
  4099 | D:5      | Killed Ijyb
  4359 | D:5      | Noticed Grinder
  4384 | D:5      | Killed Grinder
  4384 | D:5      | Reached skill level 8 in Unarmed Combat
  4384 | D:5      | Reached XP level 8. HP: 20/66 MP: 7/7
  4681 | D:5      | Found a runed translucent door.
  4682 | D:5      | Noticed Crazy Yiuf
  4692 | D:5      | Killed Crazy Yiuf
  4692 | D:5      | Reached skill level 9 in Unarmed Combat
  4800 | D:5      | Found a snail-covered altar of Cheibriados.
  4838 | D:5      | Got a slimy mace
  4882 | D:5      | Identified the +1 mace of Spores {freeze, Dex+2} (You found
                  | it on level 5 of the Dungeon)
  4884 | D:5      | Noticed Prince Ribbit
  4896 | D:5      | Killed Prince Ribbit
  5209 | D:5      | Found a basalt altar of Yredelemnul.
  5214 | D:5      | Became a worshipper of Yredelemnul the Dark
  5214 | D:5      | Reached * piety under Yredelemnul
  5214 | D:5      | Reached ** piety under Yredelemnul
  5643 | D:6      | Found Vaskox's Weapon Emporium.
  5743 | D:6      | Found a white marble altar of Elyvilon.
  5751 | D:6      | Found a glowing golden altar of the Shining One.
  5752 | D:6      | Found a glowing silver altar of Zin.
  5763 | D:6      | Reached skill level 10 in Unarmed Combat
  5925 | D:6      | Found Atoru's Antique Weapon Emporium.
  5946 | D:6      | Found a sacrificial altar of Ru.
  5946 | D:6      | Found a shattered altar of Ashenzari.
  6012 | D:6      | Reached skill level 1 in Invocations
  6236 | D:6      | Reached XP level 9. HP: 68/68 MP: 8/8
  6783 | D:6      | Found Zoirr's Antique Armour Boutique.
  6786 | D:6      | Bought a pair of runed boots for 255 gold pieces
  6791 | D:6      | Identified a +2 pair of boots of running (You bought it in
                  | a shop on level 6 of the Dungeon)
  7310 | D:7      | Found an ornate altar of the Wu Jian Council.
  7373 | D:7      | Found a radiant altar of Vehumet.
  7408 | D:7      | Found a shadowy altar of Dithmenos.
  7730 | D:7      | Reached *** piety under Yredelemnul
  7803 | D:7      | Reached skill level 11 in Unarmed Combat
  7991 | D:7      | Found a staircase to the Ecumenical Temple.
  8412 | D:8      | Found a hide-covered altar of Uskayaw.
  8625 | D:8      | Found Aneenut's Magic Scroll Boutique.
  8627 | D:8      | Reached XP level 10. HP: 73/73 MP: 11/11
  8797 | D:8      | Reached skill level 12 in Unarmed Combat
  8827 | D:8      | Reached skill level 5 in Armour
  9065 | D:8      | Reached **** piety under Yredelemnul
  9687 | D:8      | Received a gift from Yredelemnul (a wight)
 10013 | D:9      | Reached skill level 5 in Invocations
 10527 | D:9      | Found a transporter.
 10528 | D:9      | Noticed denis1488's ghost (novice DrTm)
 10558 | D:9      | Found a transporter.
 10792 | D:10     | Entered Level 10 of the Dungeon
 10878 | D:10     | Noticed a two-headed ogre
 10891 | D:10     | Killed a two-headed ogre
 10891 | D:10     | Reached skill level 13 in Unarmed Combat
 11338 | D:10     | Reached skill level 5 in Fighting
 11341 | D:10     | Reached XP level 11. HP: 46/72 MP: 14/14
 11402 | D:10     | Received a gift from Yredelemnul (a mummy)
 11569 | D:10     | Found a staircase to the Orcish Mines.
 12103 | D:10     | Received a gift from Yredelemnul (a mummy)
 12468 | D:10     | Killed an unseen horror
 12666 | D:11     | Reached skill level 14 in Unarmed Combat
 13350 | D:11     | Found a snail-covered altar of Cheibriados.
 13632 | D:12     | Noticed Josephine
 13658 | D:11     | Killed Josephine
 13728 | D:12     | Reached ***** piety under Yredelemnul
 14021 | D:12     | Noticed a manticore
 14030 | D:12     | Killed a manticore
 14221 | D:12     | Noticed a four-headed hydra
 14236 | D:12     | Killed a four-headed hydra
 14468 | D:12     | Received a gift from Yredelemnul (5 flying skulls)
 14868 | D:12     | Reached skill level 15 in Unarmed Combat
 14875 | D:12     | Found a blossoming altar of Fedhas.
 15021 | D:13     | Reached XP level 12. HP: 92/97 MP: 16/16
 15057 | D:13     | Noticed a centaur warrior
 15063 | D:13     | Killed a centaur warrior
 15066 | D:13     | Received a gift from Yredelemnul (a wraith)
 15310 | D:13     | Found a stormy altar of Qazlal.
 15353 | D:13     | Received a gift from Yredelemnul (a vampire)
 15704 | D:13     | Noticed Nessos
 15736 | D:13     | Killed Nessos
 15898 | D:13     | Found an opulent altar of Gozag.
 16283 | D:14     | Reached skill level 16 in Unarmed Combat
 16288 | D:14     | Noticed a sun demon
 16566 | D:14     | You fall into a shaft and drop 1 floor!
 16566 | D:15     | Entered Level 15 of the Dungeon
 16572 | D:15     | Noticed a five-headed hydra
 16590 | D:15     | Killed a five-headed hydra
 16965 | D:15     | Noticed a centaur warrior
 16980 | D:15     | Killed a centaur warrior
 17185 | D:15     | Noticed a fire dragon
 17196 | D:15     | Noticed an ice dragon
 17199 | D:15     | Killed a fire dragon
 17579 | D:15     | Found a shattered altar of Ashenzari.
 17628 | D:15     | Reached XP level 13. HP: 45/100 MP: 18/18
 18086 | D:15     | Found a staircase to the Depths.
 18248 | D:15     | Killed an ice dragon
 18248 | D:15     | Reached skill level 17 in Unarmed Combat
 18612 | D:14     | Received a gift from Yredelemnul (2 flying skulls)
 18765 | D:14     | Noticed a vault guard
 18765 | D:14     | Noticed a vault guard
 18765 | D:14     | Noticed a vault guard
 18766 | D:14     | Found a gate to the Vaults.
 18766 | D:14     | Noticed a vault guard
 18766 | D:14     | Noticed a vault guard
 18766 | D:14     | Noticed a vault guard
 18766 | D:14     | Noticed a vault guard
 18768 | D:14     | Noticed a vault guard
 18778 | D:14     | Killed a vault guard
 18798 | D:14     | Killed a vault guard
 18855 | D:14     | Killed a vault guard
 18868 | D:13     | Killed a vault guard
 19103 | D:13     | Killed a vault guard
 19112 | D:13     | Killed a vault guard
 19119 | D:13     | Killed a vault guard
 19377 | D:14     | Killed a vault guard
 20377 | D:9      | Killed denis1488's ghost
 20377 | D:9      | Reached skill level 18 in Unarmed Combat
 20775 | D:8      | You fall into a shaft and drop 3 floors!
 20976 | D:8      | Got a fading leather armour
 20977 | D:8      | Identified the +4 leather armour "Biown" {*Drain MP+9 Int+5
                  | Dex-5} (You found it on level 8 of the Dungeon)
 21079 | D:8      | Found a staircase to the Lair.
 21864 | Orc:1    | Entered Level 1 of the Orcish Mines
 22078 | Orc:2    | Entered Level 2 of the Orcish Mines
 22078 | Orc:2    | Found a staircase to the Elven Halls.
 22409 | Orc:2    | Found Ohahexab's General Store.
 22414 | Orc:2    | Found Bapum's Distillery.
 22769 | Orc:1    | HP: 2/110 [sun demon (9)]
 23272 | Orc:2    | Received a gift from Yredelemnul (a phantasmal warrior)
 23546 | Orc:2    | Received a gift from Yredelemnul (a vampire)
 23563 | Orc:2    | HP: 3/105 [orc priest/divine providence (17)]
 23567 | Orc:2    | Slain by an orc warrior

Illustrated notes

Levels and vault maps discovered:
D:1:      elethiomel_arrival_infinity_welcomes_careful_drivers, layout_rooms,
          st_stairs_9
D:2:      layout_rooms, nicolae_overflow_hidden_temple, minmay_hexomino_c4,
          uniq_jessica, uniq_robin
D:3:      layout_loops_cross, kennysheep_okawaru_gauntlet,
          kennysheep_decorative_pillar
D:4:      layout_loops_ring, uniq_duvessa
D:5:      layout_loops_ring, kennysheep_little_box, old_standard_altar,
          first_ration, chequers_serial_rivers_marsh, uniq_grinder, uniq_ijyb,
          uniq_prince_ribbit1, uniq_crazy_yiuf_cottage
D:6:      minmay_chambers_of_sixes, layout_gridville, good_gods_temple_1,
          gammafunk_temple_overflow_wave, serial_shops, shop, kennysheep_mini,
          shop, hangedman_decor_growths
D:7:      statuecave_lemuel, layout_basic, overflow_temple_1_default,
          nicolae_dithmenos_shadow_blocks, fiery_altar_vehumet,
          minmay_temple_entry_statues_fountains, grunt_livestock
D:8:      layout_basic, eat_drink_and_be_merry_uskayaw, lair_entry_dummy,
          serial_shops, shop_scrolls, serial_corexii_hall,
          corexii_hall_statues_s, corexii_hall_statues_i
D:9:      layout_basic, gammafunk_ghost_stat_death
D:10:     wad_crossroads, layout_loops_ring, orc_0_dummy,
          hangedman_abyss_or_decor_clamps
D:11:     layout_loops_ring, basic_altar
D:12:     layout_irregular_city, fedhas_altar_4, uniq_josephine
D:13:     layout_irregular_city, basic_altar, grunt_gozag_statues, uniq_nessos
D:14:     layout_long_grid, erik_vaults_2, grunt_decor_cap
D:15:     grunt_enter_depths_hoard, layout_loops_ring,
          nicolae_ashenzari_panopticon
Orc:1:    layout_diamond_mine, serial_shops, shop, uniq_maurice
Orc:2:    pf_orc_diabolical, layout_diamond_mine, uniq_jorgrun

Skill      XL: |  1  2  3  4  5  6  7  8  9 10 11 12 13 |
---------------+----------------------------------------+-----
Unarmed Combat | 4 5 6 8 10 11 13 15 16 18 | 18.2
Dodging        | 3 4 |  4.7
Armour         | 1 2 3 4 5 6 7 8 |  8.7
Throwing       | 1 |  1.3
Stealth        | 3 4 |  4.6
Fighting       | 4 5 6 7 8 |  8.9
Invocations    | 1 3 5 6 8 |  8.9
Evocations     | |  0.6

Action                   |  1- 3 |  4- 6 |  7- 9 | 10-12 | 13-15 || total
-------------------------+-------+-------+-------+-------+-------++-------
Melee: Unarmed           |   103 |   174 |   331 |   672 |   342 ||  1622
       Punch             |     2 |     3 |    10 |    33 |    19 ||    67
Throw: Boomerang         |       |    25 |    10 |     7 |       ||    42
       Dart              |       |     6 |    44 |    40 |     8 ||    98
       Javelin           |       |       |       |     5 |     9 ||    14
       Throwing net      |       |       |       |     1 |     1 ||     2
Invok: Animate Remains   |       |       |    17 |       |       ||    17
       Animate Dead      |       |       |     7 |    49 |    33 ||    89
       Recall Undead Sla |       |       |       |    13 |     8 ||    21
       Drain Life        |       |       |       |     5 |     2 ||     7
       Injury Mirror     |       |       |       |     1 |       ||     1
       Enslave Soul      |       |       |       |     1 |       ||     1
       Stop Recall       |       |       |       |     1 |       ||     1
Evoke: Wand              |       |       |       |       |     5 ||     5
  Use: Scroll            |     5 |     5 |     4 |    21 |     4 ||    39
       Potion            |       |       |     3 |    10 |     7 ||    20
 Stab: Sleeping          |     5 |     4 |     5 |     3 |       ||    17
       Distracted        |       |       |     1 |     4 |     1 ||     6
       Invisible         |       |       |       |     4 |       ||     4
  Eat: Chunk             |     3 |     6 |    15 |    31 |     3 ||    58
       Ration            |       |       |     5 |    10 |    13 ||    28
Armor: Robe              |    10 |       |       |       |       ||    10
       Ring mail         |     6 |    48 |   124 |    50 |       ||   228
       Plate armour      |       |       |       |   487 |   240 ||   727
Dodge: Dodged            |    58 |   137 |   191 |   323 |    97 ||   806
